 Dungeon Crawl Stone Soup version 0.28.0 (webtiles) character file.

Game seed: 1685264798493936708

50 Dorkslayer the Conjurer (level 3, 0/23 HPs)
             Began as an Octopode Conjurer on Aug 16, 2022.
             Slain by a river rat (9 damage)
             ... on level 3 of the Dungeon.
             The game lasted 00:04:01 (1566 turns).

Dorkslayer the Conjurer (Octopode Conjurer)         Turns: 1566, Time: 00:04:02

Health: 0/23       AC:  1    Str:  8    XL:     3   Next: 79%
Magic:  6/6        EV: 10    Int: 20    God:
Gold:   103        SH:  0    Dex: 16    Spells: 5/6 levels left

rFire   . . .      SeeInvis .   a - +0 trident
rCold   . . .      Faith    .   (no shield)
rNeg    . . .      Spirit   .   (helmet restricted)
rPois   .          Reflect  .   (no amulet)
rElec   .          Harm     .   d - +6 ring of dexterity
rCorr   .          Rampage  .   b - ring of willpower
Will    +....                   (no ring)
Stlth   +++.......              (no ring)
HPRegen 0.07/turn               (no ring)
MPRegen 0.10/turn               (no ring)
                                (no ring)
                                (no ring)

@: constricted
A: almost no armour, amphibious, 8 rings, camouflage 1, gelatinous body 1,
(nimble swimmer 1), tentacles
a: no special abilities


You were on level 3 of the Dungeon.
You visited 1 branch of the dungeon, and saw 3 of its levels.

You collected 103 gold pieces.

Inventory:

Hand Weapons
 a - a +0 trident (weapon)
Jewellery
 b - a ring of willpower (right tentacle)
 d - a +6 ring of dexterity (left tentacle)
Potions
 c - a potion of degeneration
 e - a potion of magic {unknown}
 g - 2 potions of haste {unknown}


   Skills:
 * Level 1.2 Fighting
 + Level 0.7 Polearms
 + Level 2.3 Dodging
 + Level 3.1 Stealth
 * Level 2.2 Spellcasting
 + Level 4.4 Conjurations


You had 5 spell levels left.
You knew the following spells:

 Your Spells              Type           Power      Damage    Failure   Level
a - Magic Dart            Conj           80%        1d7       2%          1

Your spell library contained the following spells:

 Spells                   Type           Power      Damage    Failure   Level
 Searing Ray              Conj           40%        2d5       3%          2
 Dazzling Flash           Conj/Hex       22%        N/A       19%         3
 Ensorcelled Hibernation  Hex/Ice        4%         N/A       24%         2
 Passwall                 Tmut/Erth      1%         N/A       24%         2
 Swiftness                Air            2%         N/A       43%         3
 Fulminant Prism          Conj/Hex       5%         3d7       52%         4
 Hailstorm                Conj/Ice       11%        3d5       52%         4
 Iskenderun's Mystic Bla  Conj/Tloc      11%        2d4       52%         4
 Ice Form                 Ice/Tmut       2%         N/A       83%         4
 Simulacrum               Ice/Necr       1%         N/A       100%        6


Dungeon Overview and Level Annotations

Branches:
Dungeon (3/15)

Altars:
Kikubaaqudgha

Portals:
Sewer: D:3


Innate Abilities, Weirdness & Mutations

You cannot wear most types of armour.
You are amphibious.
You can wear up to eight rings at the same time.
Your skin changes colour to match your surroundings (Stealth+).
Your rubbery body absorbs attacks. (AC +1, EV +1)
((You are camouflaged when in or above water. (Stealth+)))
You have tentacles for arms and can constrict up to eight enemies at once.


Message History

The ball python constricts you.
The ball python bites you but does no damage.
The ball python constricts you.
You hit the ball python but do no damage.
Your grab misses the ball python. You squeeze the ball python.
You kill the ball python!
Found 8 gold pieces.
b - a ring of willpower You now have 103 gold pieces (gained 8).
b - a ring of willpower (right tentacle)
You hear the slow rusting of a distant drain.
An orc comes into view. It is wielding a +0 short sword.
The orc shouts!
You hit the orc but do no damage. You grab the orc.
Your squeeze misses the orc. You constrict the orc.
The orc hits you with a +0 short sword!
You hit the orc.
The orc is severely wounded.
You constrict the orc.
You kill the orc!
An endoplasm comes into view.
The endoplasm completely misses you.
You see here a +0 short sword.
The endoplasm barely misses you. The endoplasm hits you.
You puncture the endoplasm!
You kill the endoplasm!
An endoplasm comes into view.
Found a glowing drain.
A goblin comes into view. It is wielding a +0 dagger.
A ball python and 2 river rats come into view.
The ball python hisses angrily.
A river rat comes into view.
The goblin shouts!
The ball python bites you. The ball python grabs you.
The ball python constricts you. The river rat bites you.
The ball python bites you. The ball python constricts you.
You hit the river rat but do no damage. Your grab misses the river rat.
The river rat bites you!
You die...

........# #.# #.....#
######..# #+## #.##..# #..#
#...# # #..#
#####..#####.....######..#
#......##..........^8^...#
#.#J..........r. .#####...
......##≈≈.≈≈##. .........
#..#..##≈≈.≈≈##............
......≈≈..@..≈≈....#.......
#..##.≈≈.Sr..≈≈... #.......
#.. #.≈≈..∩......# ##.....#
#. #.≈r.....≈≈.## ##...##
...≈≈≈≈...≈≈.# ####
.#.##≈≈≈≈≈##.# #≈ #≈≈≈≈≈#
.# # ....... .


You could see 2 river rats and a ball python.

Vanquished Creatures
  An adder (D:2)
  A worm (D:2)
  2 dart slugs (D:1)
  An orc (D:3)
  3 endoplasms
  A giant cockroach (D:1)
  A goblin (D:1)
  6 hobgoblins
  A kobold (D:2)
  A quokka (D:1)
  5 ball pythons
  A bat (D:1)
  2 frilled lizards
  5 rats
31 creatures vanquished.

Vanquished Creatures (others)
  A plant (D:1)
1 creature vanquished.

Grand Total: 32 creatures vanquished

Notes
Turn   | Place    | Note
-------+----------+-------------------------------------------
     0 | D:1      | Dorkslayer the Octopode Conjurer began the quest for the
                  | Orb.
     0 | D:1      | Reached XP level 1. HP: 11/11 MP: 3/3
   174 | D:1      | Found a faded altar of an unknown god.
   193 | D:1      | Reached XP level 2. HP: 17/17 MP: 5/5
   226 | D:1      | Reached skill level 1 in Fighting
   674 | D:2      | Found an ancient bone altar of Kikubaaqudgha.
   915 | D:2      | Reached XP level 3. HP: 16/23 MP: 6/6
  1395 | D:2      | Found the +7 Kryia's mail coat {PotionHeal*2 rC+}
  1560 | D:3      | Found a glowing drain.
  1566 | D:3      | Slain by a river rat

Illustrated notes

Levels and vault maps discovered:
D:1:      dpeg_arrival_rhombus, layout_rooms, basic_ecumenical_altar,
          serial_forest, infiniplex_forest_straight_2,
          infiniplex_forest_fountain, infiniplex_forest_join,
          infiniplex_forest_straight_1, infiniplex_forest_clump_long
D:2:      layout_basic, basic_altar, chequers_arboretum
D:3:      layout_loops_corners, cheibrodos_sewer_entry_sluice,
          ebering_dispersal_statue_hall, minmay_misc_feat_four_crosses,
          hangedman_decor_growths

Skill      XL: |  1  2  3 |
---------------+----------+-----
Fighting       | 1 |  1.2
Stealth        | 3 |  3.1
Polearms       | |  0.7
Dodging        | |  2.3
Spellcasting   | |  2.2
Conjurations   | |  4.4

Action                   || total
-------------------------++-------
Melee: Trident           ||    51
       Constrict         ||     9
       Tentacles         ||     5
 Cast: Magic Dart        ||    22
  Use: Potion            ||     1
       Scroll            ||     5
 Stab: Sleeping          ||     2
Armor: Skin              ||    12
Dodge: Dodged            ||    41
